 Dungeon Crawl Stone Soup version 0.19.1-1-g22dce08 (webtiles) character file.

73 M4edhros the Chopper (level 4, -3/60 HPs)
             Began as a Minotaur Berserker on Jan 5, 2017.
             Was a Believer of Trog.
             Slain by a gnoll
             ... wielding a +0 flail
              (7 damage)
             ... on level 3 of the Dungeon.
             The game lasted 00:00:49 (1508 turns).

M4edhros the Chopper (Minotaur Berserker)           Turns: 1508, Time: 00:00:50

Health: -3/60      AC:  2    Str: 27    XL:     4   Next: 8%
Magic:  3/3        EV: 12    Int:  4    God:    Trog [**....]
Gold:   117        SH:  0    Dex: 10    Spells: 0 memorised, 3 levels left

rFire  . . .     SeeInvis .     a - +0 hand axe
rCold  . . .     Gourm    .     b - +0 animal skin
rNeg   . . .     Faith    .     (no shield)
rPois  .         Spirit   .     (helmet restricted)
rElec  .         Reflect  .     (no cloak)
rCorr  .         Harm     .     (no gloves)
MR     .....                    (no boots)
Stlth  ..........               (no amulet)
                                (no ring)
                                (no ring)

@: berserking, very quick
A: retaliatory headbutt, horns 2
a: Berserk, Trog's Hand, Burn Spellbooks, Renounce Religion


You were on level 3 of the Dungeon.
You worshipped Trog.
Trog was pleased with you.
You were hungry.

You visited 1 branch of the dungeon, and saw 3 of its levels.

You collected 117 gold pieces.

Inventory:

Hand Weapons
 a - a +0 hand axe (weapon)
Armour
 b - a +0 animal skin (worn)
Scrolls
 d - a scroll of teleportation {unknown}
 e - 2 scrolls of recharging {unknown}
 f - 2 scrolls of amnesia {unknown}
 g - 8 scrolls of identify {unknown}
 h - 2 scrolls of blinking {unknown}
 k - 3 scrolls of enchant armour {unknown}
 l - 2 scrolls of immolation {unknown}
Potions
 i - a potion of curing
 m - a potion of mutation {unknown}
 q - a potion of flight {unknown}
Books
 n - a book of Changes

   Spells                             Type                      Level
   a - Beastly Appendage              Transmutation                1
   b - Sticks to Snakes               Transmutation                2
   c - Spider Form                    Transmutation/Poison         3
   d - Ice Form                       Ice/Transmutation            4
   e - Blade Hands                    Transmutation                5
   Trog disapproves of the use of such an item.
Comestibles
 c - 2 bread rations
 j - 2 beef jerkies
 o - a royal jelly


   Skills:
 + Level 4.2 Fighting
 * Level 4.4 Axes
 + Level 3.4 Armour
 + Level 2.9 Dodging


You had 3 spell levels left.
You didn't know any spells.

Dungeon Overview and Level Annotations

Branches:
Dungeon (3/15)

Altars:
Makhleb
Zin


Innate Abilities, Weirdness & Mutations

You reflexively headbutt those who attack you in melee.
You have a pair of horns on your head.


Message History

The gnoll is heavily wounded.
The gnoll hits you with a flail.
* * * LOW HITPOINT WARNING * * *
You closely miss the gnoll. You headbutt the gnoll.
The gnoll is severely wounded.
The gnoll barely misses you.
You barely miss the gnoll. Your headbutt misses the gnoll.
The gnoll is severely wounded.
The gnoll closely misses you.
You hit the gnoll but do no damage.
The gnoll is severely wounded.
The gnoll hits you with a flail!
* * * LOW HITPOINT WARNING * * *
A goblin comes into view. It is wielding a club.
A red film seems to cover your vision as you go berserk!
You feel yourself moving faster!
You feel mighty!
You are feeling hungry.
The goblin shouts!
The gnoll hits you with a flail!
You die...

#.# .#
#.## .#
#).##
##.#.##
#...#.#
##)).##
##)##
#.# #@#
......#
#g# ...
..# #.#
....<#
#.#
#.#.#
#.#
....
.g#
#.###.#
#..
#......
#.[
####..
#....<


You could see a gnoll and a goblin.

Vanquished Creatures
  2 gnolls (D:3)
  An ooze (D:3)
  A worm (D:3)
  A dart slug (D:2)
  A leopard gecko (D:1)
  7 orcs (D:3)
  3 bats
  2 giant cockroaches (D:1)
  2 goblins
  4 hobgoblins
  2 frilled lizards
  7 kobolds
  2 rats (D:3)
35 creatures vanquished.

Notes
Turn   | Place    | Note
-------+----------+-------------------------------------------
     0 | D:1      | M4edhros the Minotaur Berserker began the quest for the Orb.
     0 | D:1      | Reached XP level 1. HP: 19/19 MP: 0/0
   580 | D:1      | Reached XP level 2. HP: 27/27 MP: 1/1
  1031 | D:2      | Found a burning altar of Makhleb.
  1033 | D:2      | Found a glowing silver altar of Zin.
  1033 | D:2      | Noticed an angel
  1034 | D:2      | Noticed a blizzard demon
  1208 | D:3      | Reached XP level 3. HP: 20/33 MP: 2/2
  1264 | D:3      | Reached ** piety under Trog
  1485 | D:3      | Reached XP level 4. HP: 18/40 MP: 3/3
  1508 | D:3      | Slain by a gnoll

Skill      XL: |  1  2  3 |
---------------+----------+-----
Armour         | 3 |  3.4
Axes           | 4 |  4.4
Fighting       | 4 |  4.2
Dodging        | |  2.9

Action                   |  1- 3 |  4- 6 || total
-------------------------+-------+-------++-------
Melee: Hand axe          |    64 |    13 ||    77
       Headbutt          |    16 |     1 ||    17
Invok: Berserk           |     1 |     1 ||     2
       Burn Spellbooks   |     1 |       ||     1
  Use: Potion            |     1 |       ||     1
  Eat: Chunk             |     3 |       ||     3
Armor: Animal skin       |    11 |     1 ||    12
Dodge: Dodged            |    52 |     5 ||    57
